 Dungeon Crawl Stone Soup version 0.15.0-23-gc2b521c (console) character file.

64 gw the Twirler (level 3, 0/31 HPs)
             Began as a Minotaur Gladiator on Sept 8, 2014.
             Slain by a gnoll
             ... wielding a +0 halberd
              (6 damage)
             ... on Level 2 of the Dungeon.
             The game lasted 00:00:58 (1593 turns).

gw the Twirler (Minotaur Gladiator)                 Turns: 1593, Time: 00:00:58

HP   0/31        AC  7     Str 21      XL: 3   Next: 91%
MP   1/1         EV  9     Int  5      God:
Gold 0           SH  0     Dex 11      Spells:  0 memorised,  2 levels left

rFire  . . .     SeeInvis .     a - +0 quarterstaff
rCold  . . .     Clarity  .     h - +0 scale mail
rNeg   + . .     rCorr    .     (no shield)
rPois  .         rRot     .     c - +0 hat
rElec  .         Spirit   .     b - +0 cloak
SustAb .         Warding  +     (no gloves)
rMut   .         Stasis   .     (no boots)
Gourm  .                        q - amulet of warding
MR     .....                    (no ring)
                                (no ring)

@: not resistant to hostile enchantments, extremely unstealthy
A: retaliatory headbutt, horns 2, blink 1, low mp 1, strong 1, wild magic 1
a: Blink


You were on level 2 of the Dungeon.
You were not hungry.

You visited 1 branch of the dungeon, and saw 2 of its levels.

Inventory:

Hand weapons
 a - a +0 quarterstaff (weapon)
Missiles
 d - 3 throwing nets
 p - 105 stones (quivered)
Armour
 b - a +0 cloak (worn)
 c - a +0 hat (worn)
 h - a +0 scale mail (worn)
Comestibles
 f - 4 bread rations
 i - a meat ration
Scrolls
 e - a scroll of enchant armour {unknown}
 g - 3 scrolls of remove curse
 j - a scroll of identify
Jewellery
 q - an amulet of warding (around neck)


   Skills:
 + Level 3.2 Fighting
 * Level 4.7 Staves
 + Level 2.4 Throwing
 + Level 1.4 Armour
 - Level 3.2 Dodging


You had 2 spell levels left.
You didn't know any spells.

Dungeon Overview and Level Annotations

Branches:
Dungeon (2/15)

Altars:


Innate Abilities, Weirdness & Mutations

You reflexively headbutt those who attack you in melee.
You have a pair of horns on your head.
You can translocate small distances at will.
Your magical capacity is low (-10% MP).
Your muscles are strong. (Str +2)
Your spells are a little harder to cast, but a little more powerful.


Message History

MOVING TO (-3,0)
A gnoll comes into view. It is wielding a halberd.
The gnoll shouts!
ATTACK MOVE TO (1,0)
You barely miss the gnoll. The gnoll hits you but does no damage.
ATTACK MOVE TO (1,0)
You hit the gnoll but do no damage. The gnoll closely misses you.
The gnoll hits you but does no damage.
ATTACK MOVE TO (1,0)
You completely miss the gnoll. The gnoll closely misses you.
ATTACK MOVE TO (1,0)
You thump the gnoll!
The gnoll is almost dead.
The gnoll hits you but does no damage. The gnoll barely misses you.
ATTACK MOVE TO (1,0)
You hit the gnoll.
You kill the gnoll!
ATTACK MOVE TO (0,1)
The gnoll hits you with a halberd.
You die...

#.# #..# #.# #.#
#..# #.#
.#######.## #..#
#.# ..........#
#..# #?#
#.######..#####..#
#.# #.........##
#[#
#.####.....######.#
#...).............#
#.H###.....########
#.g# ##...##
#.###).#
##.##########
#...(..#
#...........
g(.........#
############
...:.....##
##########


You could see a gnoll.

Table legend:
 A = Turns spent in this place as a percentage of turns spent in the entire game.
 B = Non-inter-level travel turns spent in this place as a percentage of non-inter-level travel turns spent in the entire game.
 C = Inter-level travel turns spent in this place as a percentage of turns spent in this place.
 D = Turns resting spent in this place as a percentage of non-inter-level travel turns spent in this place.
 E = Turns spent auto-exploring this place as a percentage of non-inter-level travel turns spent in this place.
 F = Non-inter-level travel turns spent in this place divided by the number of levels of this place that you've seen.
                   A       B       C       D       E      F
               +-------+-------+-------+-------+-------+----------------------
         Total | 100.0 | 100.0 |   0.2 |   3.4 |  16.3 | 233.0
       Dungeon | 100.0 | 100.0 |   0.2 |   3.4 |  16.3 | 233.0
               +-------+-------+-------+-------+-------+----------------------

Table legend:
 A = Kills in this place as a percentage of kills in entire the game.
 B = Kills by you in this place as a percentage of kills by you in the entire game.
 C = Kills by friends in this place as a percentage of kills by friends in the entire game.
 D = Other kills in this place as a percentage of other kills in the entire game.
 E = Experience gained in this place as a percentage of experience gained in the entire game.
 F = Experience gained in this place divided by the number of levels of this place that you have seen.
                   A       B       C       D       E      F
               +-------+-------+-------+-------+-------+----------------------
         Total | 100.0 | 100.0 |  -nan |  -nan | 100.0 |  46.0
       Dungeon | 100.0 | 100.0 |  -nan |  -nan | 100.0 |  46.0
               +-------+-------+-------+-------+-------+----------------------

Vanquished Creatures
  3 gnolls (D:2)
  A worm (D:2)
  2 giant geckos (D:1)
  An ooze (D:2)
  A bat (D:1)
  7 goblins
  4 hobgoblins (D:1)
  A ball python (D:1)
  3 giant newts (D:1)
  4 kobolds (D:1)
  4 rats
31 creatures vanquished.

Notes
Turn   | Place    | Note
--------------------------------------------------------------
     0 | D:1      | gw, the Minotaur Gladiator, began the quest for the Orb.
     0 | D:1      | Reached XP level 1. HP: 18/18 MP: 1/1
   423 | D:1      | Reached XP level 2. HP: 23/25 MP: 1/1
   476 | D:1      | Reached skill level 1 in Armour
   770 | D:1      | Reached skill level 4 in Staves
  1294 | D:1      | Gained mutation: Your magical capacity is low (-10% MP). [potion of mutation]
  1294 | D:1      | Gained mutation: You can translocate small distances at will. [potion of mutation]
  1294 | D:1      | Gained mutation: Your spells are a little harder to cast, but a little more powerful. [potion of mutation]
  1295 | D:1      | Gained mutation: Your muscles are strong. (Str +2) [potion of beneficial mutation]
  1356 | D:2      | Reached XP level 3. HP: 30/30 MP: 1/1
  1593 | D:2      | Slain by a gnoll

Action                   || total
-------------------------++-------
Melee: Quarterstaff      ||    92
Throw: Stone             ||    38
  Use: Potion            ||     5
       Scroll            ||     2
  Eat: Chunk             ||     2

Vault maps used:
D:1:      dpeg_arrival_pits
